Map: Cosmic Sapphire

Players

EchoSoldier

  • Race: Protoss Protoss
  • League: Diamond
  • Spawn Location: 5:00

IlIlIlIlIlIl - Winner!

  • Race: Terran Terran
  • Spawn Location: 11:00

VOD

Have the link to the VOD?

Description

Time

  • Played on: Dec. 18, 2022, 11:37 p.m.
  • Length: 13:10
Show
View Real Time Build Order
Export as new Build Order

EchoSoldier Protoss 

Build Orders: 1 Gate Expand, Blink Stalkers 

Get SALT Encoding   

  12  0:00  Probe  
  13  0:12  Probe  
  14  0:18  Pylon  
  14  0:24  Probe  
  15  0:36  Probe (Chrono Boost)  
  15  0:37  Gateway  
  16  0:48  Assimilator  
  16  0:49  Probe (Chrono Boost)  
  17  0:54  Probe (Chrono Boost)  
  18  1:03  Probe  
  19  1:22  Nexus  
  19  1:33  Cybernetics Core, Probe  
  20  1:53  Probe (Chrono Boost)  
  20  1:54  Assimilator  
  21  2:05  Probe (Chrono Boost)  
  22  2:15  Pylon, Warp Gate (Chrono Boost)  
  22  2:26  Probe  
  23  2:30  Adept (Chrono Boost)  
  24  2:46  Probe  
  24  2:54  Probe  
  24  2:58  Probe  
  25  3:06  Probe  
  25  3:09  Twilight Council  
  25  3:10  Probe  
  25  3:12  Gateway  
  27  3:13  Gateway  
  27  3:18  Probe  
  28  3:22  Probe  
  28  3:30  Probe  
  29  3:34  Probe  
  29  3:35  Shield Battery  
  29  3:40  Blink (Chrono Boost)  
  30  3:42  Probe  
  30  3:47  Probe  
  32  3:53  Robotics Facility  
  32  3:54  Probe  
  33  3:58  Pylon  
  33  3:59  Probe  
  34  4:07  Stalker, Probe  
  37  4:12  Stalker  
  37  4:16  Probe  
  40  4:32  Stalker x2  
  40  4:35  Stalker  
  40  4:36  Probe x2  
  48  4:41  Observer (Chrono Boost)  
  49  4:48  Probe x2  
  51  4:55  Stalker  
  53  5:00  Probe  
  53  5:04  Pylon  
  54  5:07  Pylon  
  54  5:10  Pylon  
  54  5:13  Probe x2  
  46  5:25  Probe x2  
  48  5:32  Observer (Chrono Boost)  
  48  5:34  Stalker x3  
  55  5:37  Probe x2  
  57  5:45  Observer (Chrono Boost)  
  60  5:50  Probe x2  
  60  5:56  Gateway  
  58  5:58  Gateway  
  58  6:01  Robotics Bay, Observer  
  58  6:02  Probe x2  
  60  6:14  Probe x2  
  62  6:30  Nexus  
  62  6:31  Observer  
  62  6:33  Pylon  
  62  6:35  Pylon  
  62  6:37  Assimilator  
  62  6:42  Assimilator  
  62  6:45  Gateway  
  62  6:46  Extended Thermal Lance (Chrono Boost), Gateway  
  62  6:47  Gateway  
  62  6:59  Stalker x3  
  68  7:07  Probe  
  68  7:08  Forge  
  69  7:13  Assimilator  
  69  7:14  Probe  
  70  7:15  Assimilator  
  70  7:18  Shield Battery  
  70  7:19  Probe  
  70  7:21  Disruptor (Chrono Boost)  
  74  7:34  Stalker  
  76  7:39  Stalker  
  76  7:41  Zealot x4  
  86  7:55  Zealot x2  
  90  8:02  Pylon x2  
  90  8:04  Pylon  
  90  8:06  Pylon  
  88  8:19  Observer (Chrono Boost)  
  83  8:27  Stalker x7  
  97  8:38  Gravitic Boosters (Chrono Boost)  
  95  8:50  Zealot  
  95  8:51  Zealot x4  
  105  9:05  Nexus  
  105  9:13  Disruptor (Chrono Boost)  
  108  9:20  Protoss Ground Weapons Level 1 (Chrono Boost)  
  108  9:25  Charge (Chrono Boost)  
  108  9:34  Assimilator  
  108  9:35  Zealot  
  109  9:46  Probe  
  110  9:55  Pylon  
  110  9:57  Pylon  
  110  9:59  Pylon  
  110  10:07  Pylon  
  110  10:09  Pylon  
  110  10:11  Forge  
  110  10:13  Probe x2  
  112  10:16  Zealot x4  
  120  10:27  Pylon  
  120  10:29  Pylon  
  120  10:40  Probe x3  
  123  10:47  Shield Battery  
  123  10:49  Zealot x3, Shield Battery  
  129  10:52  Probe x2  
  129  10:54  Stalker  
  133  11:01  Colossus (Chrono Boost)  
  139  11:13  Templar Archives, Zealot  
  141  11:29  Stalker x5  
  151  11:45  Robotics Facility  
  151  11:47  Robotics Facility  
  151  12:00  Stalker x2  
  151  12:01  Stalker x5  
  149  12:10  Zealot, Colossus (Chrono Boost)  
  145  12:29  Stalker x4  
  98  12:41  Stalker x2  
  98  12:42  Stalker x2  
  62  13:02  Zealot  
  62  13:03  Zealot x3  
Show
View Real Time Build Order
Export as new Build Order

IlIlIlIlIlIl Terran - Winner!

Build Orders: Gas First Reaper Expand 

Get SALT Encoding   

  12  0:00  SCV  
  13  0:12  SCV  
  14  0:17  Supply Depot  
  14  0:24  SCV  
  15  0:29  Refinery  
  15  0:38  SCV  
  16  0:44  Barracks  
  16  0:50  SCV  
  17  1:02  SCV  
  18  1:15  SCV  
  19  1:31  Reaper, Orbital Command  
  20  1:50  Command Center  
  20  1:58  SCV  
  20  2:01  Factory  
  21  2:06  Supply Depot  
  21  2:10  Barracks Reactor  
  21  2:12  SCV  
  22  2:18  Bunker  
  22  2:24  SCV  
  23  2:31  Refinery  
  23  2:36  SCV  
  24  2:47  Marine x2, Widow Mine  
  24  2:48  SCV  
  29  3:05  Marine x2  
  31  3:06  Orbital Command, Starport  
  31  3:07  SCV  
  32  3:15  Widow Mine  
  32  3:19  SCV  
  35  3:27  Marine x2  
  35  3:31  SCV  
  38  3:43  SCV  
  39  3:49  SCV  
  39  3:53  Marine x2  
  39  3:54  Widow Mine, Medivac  
  46  4:04  Supply Depot  
  46  4:15  Supply Depot  
  46  4:16  Marine x2, SCV x2  
  50  4:19  Factory Tech Lab  
  50  4:20  Barracks  
  50  4:22  Barracks  
  50  4:23  Engineering Bay  
  50  4:28  SCV x2  
  52  4:37  Marine x2  
  54  4:39  Starport Reactor  
  54  4:40  SCV x2  
  56  4:46  Factory Reactor  
  56  4:51  Terran Infantry Weapons Level 1  
  56  4:52  SCV x2  
  58  4:53  Engineering Bay  
  58  4:58  Marine  
  58  4:59  Marine  
  60  5:03  Armory  
  60  5:04  SCV x2  
  60  5:17  SCV x2  
  60  5:29  Marine x2, SCV x2  
  60  5:30  Barracks Tech Lab  
  64  5:37  Marauder  
  64  5:39  Medivac  
  64  5:40  Medivac  
  70  5:42  Barracks  
  70  5:43  Factory Tech Lab  
  70  5:45  Terran Infantry Armor Level 1  
  70  5:47  Refinery  
  70  5:50  Refinery  
  70  5:53  Supply Depot  
  70  5:54  Supply Depot  
  70  5:55  Supply Depot  
  70  6:12  Stimpack  
  70  6:13  Concussive Shells  
  70  6:14  Marine x2  
  70  6:15  Marauder x2, SCV x2  
  78  6:27  Supply Depot, SCV x2  
  78  6:29  Command Center  
  78  6:30  Supply Depot  
  78  6:32  Marine x2  
  82  6:37  Marauder x2  
  82  6:39  SCV x2  
  88  6:45  Missile Turret  
  88  6:48  Missile Turret  
  88  6:51  SCV x2  
  88  6:52  Terran Infantry Weapons Level 2  
  90  6:56  Combat Shield  
  90  7:01  Marine  
  90  7:02  Marauder x2, Marine x2  
  90  7:03  SCV x2  
  99  7:15  SCV x2  
  101  7:20  Barracks x2, Supply Depot  
  101  7:22  Supply Depot  
  101  7:27  SCV x2  
  103  7:33  Marauder, Marine x5  
  110  7:40  Medivac  
  110  7:41  SCV x2  
  114  7:50  Marine  
  114  7:51  Marauder, Marine x2  
  116  7:52  Siege Tank  
  116  7:53  SCV x2  
  116  7:55  Marauder, Orbital Command  
  126  8:05  SCV x2  
  128  8:09  Supply Depot  
  128  8:10  Marine x2, Supply Depot  
  128  8:11  Supply Depot, Barracks Tech Lab  
  130  8:13  Marauder  
  130  8:17  Barracks Reactor, SCV  
  131  8:25  SCV x2  
  131  8:26  Marauder, Marine x2  
  131  8:28  Siege Tank  
  131  8:31  SCV  
  135  8:37  Orbital Command, Terran Infantry Armor Level 2, SCV  
  136  8:47  Command Center  
  134  8:50  SCV x2  
  134  8:54  Terran Vehicle Weapons Level 1  
  136  9:02  SCV  
  137  9:04  SCV  
  137  9:05  SCV  
  137  9:09  Missile Turret  
  139  9:11  Command Center  
  139  9:14  SCV  
  140  9:18  Ghost Academy  
  140  9:19  SCV x2  
  140  9:23  Refinery  
  142  9:27  SCV  
  142  9:31  Refinery, SCV  
  144  9:36  Marine x2  
  144  9:37  Marauder x3, Marine x4  
  144  9:38  Medivac, Siege Tank  
  161  9:58  Marauder  
  161  9:59  Marauder  
  165  10:01  Enhanced Shockwaves  
  165  10:03  Ghost  
  167  10:09  Barracks  
  167  10:10  Barracks x2, Supply Depot  
  167  10:18  Missile Turret  
  167  10:19  Ghost x2  
  167  10:20  Missile Turret  
  171  10:31  Ghost  
  173  10:37  Marine x6  
  173  10:39  Planetary Fortress  
  179  10:43  Planetary Fortress  
  179  10:48  Ghost x2  
  179  10:49  Refinery  
  183  10:51  Refinery  
  183  10:54  Marine  
  183  10:56  Missile Turret  
  184  10:57  Missile Turret  
  184  11:00  Ghost, Missile Turret x2  
  186  11:07  Sensor Tower  
  186  11:09  Sensor Tower  
  186  11:15  Sensor Tower  
  186  11:16  Refinery  
  186  11:18  Refinery  
  186  11:20  Ghost x2  
  186  11:21  Barracks Tech Lab x3  
  190  11:25  Marine  
  190  11:26  Marine x5  
  190  11:28  Ghost  
  197  11:43  Marine x2  
  197  11:44  Command Center  
  197  11:46  Command Center  
  199  11:47  Command Center  
  196  12:04  Siege Tank  
  196  12:29  Marine  
  177  12:30  Marauder x4, Marine x5  
  177  12:31  Marauder x2  
  192  12:47  Marine x2  
  192  12:48  Marine x4  
Tags
 
Add a new tag
Caveats
  • Supply blocks, unpowered buildings, or Contaminate may cause inaccurate times.
  • Supply counts are checked every 10 seconds.